 Dungeon Crawl Stone Soup version 0.25-a0-413-g3b4b6a4ccc (webtiles) character file.

Game seed: 11422119649083560837, levelgen mode: deterministic

104 LairdRich the Chopper (level 4, -6/41 HPs)
             Began as a Minotaur Berserker on Jan 15, 2020.
             Was a Believer of Trog.
             Killed by divine providence
             ... invoked by an orc priest
              (12 damage)
             ... on level 3 of the Dungeon.
             The game lasted 00:10:14 (1325 turns).

LairdRich the Chopper (Minotaur Berserker)          Turns: 1325, Time: 00:10:15

Health: -6/41      AC:  5    Str: 23    XL:     4   Next: 52%
Magic:  3/3        EV: 12    Int:  4    God:    Trog [**....]
Gold:   85         SH:  3    Dex:  9    Spells: 3/3 levels left

rFire    . . .     SeeInvis .   a - +0 hand axe
rCold    . . .     Gourm    .   (no shield)
rNeg     . . .     Faith    .   i - +0 ring mail
rPois    .         Spirit   .   (helmet restricted)
rElec    .         Reflect  +   (no cloak)
rCorr    .         Harm     .   (no gloves)
MR       .....                  (no boots)
Stlth    ..........             b - +3 amulet of reflection
HPRegen  0.13/turn              (no ring)
MPRegen  0.08/turn              (no ring)

@: no status effects
A: retaliatory headbutt, horns 2
a: Berserk, Trog's Hand, Renounce Religion


You were on level 3 of the Dungeon.
You worshipped Trog.
Trog was pleased with you.
You were not hungry.

You visited 1 branch of the dungeon, and saw 4 of its levels.

You collected 85 gold pieces.

Inventory:

Hand Weapons
 a - a +0 hand axe (weapon)
Armour
 i - a +0 ring mail (worn)
Jewellery
 b - a +3 amulet of reflection (around neck)
Scrolls
 e - 2 scrolls of identify
 g - 2 scrolls of remove curse
Comestibles
 c - 4 rations
 d - 2 chunks of flesh


   Skills:
 + Level 4.3 Fighting
 * Level 4.9 Axes
 + Level 3.3 Armour
 + Level 3.0 Dodging


You had 3 spell levels left.
You didn't know any spells.
Your spell library was empty.

Dungeon Overview and Level Annotations

Branches:
Dungeon (4/15)
 Temple: D:4-7

Altars:

Annotations:
D:4 Dowan, Duvessa


Innate Abilities, Weirdness & Mutations

You reflexively headbutt those who attack you in melee.
You have a pair of horns on your head.


Message History

As you read the scroll labeled SOAMIT BUUW, it crumbles to dust.
It is a scroll of amnesia.
You feel forgetful for a moment.
A kobold comes into view.
The orc wizard casts a spell.
The orc wizard blinks!
The orc priest begins to cast a cantrip, but forgets the words!
The orc wizard hits you but does no damage.
You closely miss the orc priest.
The kobold shouts!
Your headbutt misses the orc priest. You closely miss the orc wizard.
You slash the orc wizard!
The orc wizard gestures wildly while chanting.
The orc wizard blinks!
You block the orc priest's attack.
The orc wizard points at you and mumbles some strange words.
The magic dart hits you.
* * * LOW HITPOINT WARNING * * *
The orc priest calls down the wrath of Beogh upon you.
Beogh smites you!
You die... #.####### ### #.##..... .....#####.##..... .o.....>.......... #o###########..... #o# #..... ##.####o# ###### .$ooooo.#

########## # ##.####@#
#........# #
#.####.###........# #
#.................# #
#.####.###........#####
#.# #............. #.#
#..........##. #+#
#..........##.
##...####..##. #..##
#.....


You could see 2 orc priests, 2 orc wizards and 5 orcs.

Vanquished Creatures
  A hound (D:4)
  An orc priest (D:2)
  2 dart slugs
  2 orcs (D:2)
  4 bats
  2 giant cockroaches (D:1)
  7 goblins
  3 hobgoblins (D:1)
  2 quokkas
  3 frilled lizards
  5 kobolds
  6 rats
38 creatures vanquished.

Notes
Turn   | Place    | Note
-------+----------+-------------------------------------------
     0 | D:1      | LairdRich the Minotaur Berserker began the quest for the
                  | Orb.
     0 | D:1      | Reached XP level 1. HP: 19/19 MP: 0/0
   324 | D:1      | Reached XP level 2. HP: 23/27 MP: 1/1
   743 | D:2      | Reached XP level 3. HP: 20/33 MP: 2/2
   748 | D:2      | Reached ** piety under Trog
   968 | D:2      | Reached XP level 4. HP: 39/40 MP: 3/3
   975 | D:2      | Found a faded altar of an unknown god.
   975 | D:2      | You fall into a shaft and drop 2 floors!
   975 | D:4      | Noticed Duvessa
   975 | D:4      | Noticed Dowan
  1013 | D:4      | Noticed an ogre
  1325 | D:3      | Killed from afar by an orc priest

Levels and vault maps discovered:
D:1:      dpeg_arrival_shelter, layout_rooms
D:2:      layout_basic, chequers_ecumenical_altar_simple
D:3:      layout_basic, uniq_terence
D:4:      layout_basic, first_ration, ebering_ghost_reflecting_pool,
          serial_shops, shop, minmay_hedge_maze, dk_vineyard_1,
          hangedman_decor_diamond_cutter, uniq_duvessa, uniq_eustachio

Skill      XL: |  1  2  3  4 |
---------------+-------------+-----
Axes           | 4 |  4.9
Fighting       | 4 |  4.3
Armour         | 3 |  3.3
Dodging        | 3 |  3.0

Action                   |  1- 3 |  4- 6 || total
-------------------------+-------+-------++-------
Melee: Hand axe          |    62 |     7 ||    69
       Headbutt          |     9 |     2 ||    11
  Use: Scroll            |       |     5 ||     5
  Eat: Chunk             |       |     1 ||     1
Armor: Animal skin       |    11 |       ||    11
       Ring mail         |     1 |    13 ||    14
Dodge: Dodged            |    39 |    25 ||    64
Block: Other             |       |     3 ||     3

Table legend:
 A = Non-vault XP
 B = Vault XP
 C = Vault XP percentage of total XP
 D = Non-vault monster count
 E = Vault monster count
 F = Vault count percentage of total count
                 A         B        C        D         E       F
            +---------+---------+-------+---------+---------+-------
      Total |     149 |       0 |   0.0 |      38 |       0 |   0.0
            +---------+---------+-------+---------+---------+-------
        D:1 |      36 |       0 |   0.0 |      21 |       0 |   0.0
        D:2 |      64 |       0 |   0.0 |      12 |       0 |   0.0
        D:3 |       7 |       0 |   0.0 |       4 |       0 |   0.0
        D:4 |      42 |       0 |   0.0 |       1 |       0 |   0.0
            +---------+---------+-------+---------+---------+-------
